 Dungeon Crawl Stone Soup version 0.30-b1-2-g02819fbbbe (webtiles) character file.

Game seed: 17892384348982586785

49 Arcadio the Ducker (level 4, -5/32 HPs)
             Began as a Djinni Fire Elementalist on May 17, 2023.
             Killed by nerve-wracking pain
             ... invoked by an orc priest
              (11 damage)
             ... on level 2 of the Dungeon.
             The game lasted 00:01:23 (500 turns).

Arcadio the Ducker (Djinni Fire Elementalist)        Turns: 500, Time: 00:01:24

Health: -5/32      AC:  3    Str:  7    XL:     4   Next: 2%
Gold:   44         EV: 13    Int: 19    God:
                   SH:  0    Dex: 13

rFire   + + .        b - +0 spear (venom)
rCold   x . .        (no shield)
rNeg    . . .        a - +0 robe
rPois   ∞            (no helmet)
rElec   .            f - +0 cloak
rCorr   .            (no gloves)
SInv    .            (boots unavailable)
Will    .....        (no amulet)
Stlth   ++           (no ring)
HPRegen 0.25/turn    (no ring)
MPRegen 0.00/turn

%: infuse magic (-6 HP)
@: flying, very slightly contaminated, slowed, very slow
A: sickness immunity, fire resistance 2, cold vulnerability 1, float, innate
caster, HP casting, extra vitality 1
a: no special abilities


You were on level 2 of the Dungeon.
You visited 1 branch of the dungeon, and saw 2 of its levels.

You collected 44 gold pieces.

Inventory:

Hand Weapons
 b - a +0 spear of venom (weapon)
Armour
 a - a +0 robe (worn)
 f - a +0 cloak (worn)
Scrolls
 c - a scroll of silence {unknown}
 d - a scroll of teleportation {unknown}
Potions
 e - a potion of attraction {unknown}


   Skills:
 + Level 1.6 Fighting
 + Level 3.1 Dodging
 - Level 1.5 Stealth
 + Level 2.9 Spellcasting


You knew the following spells:

 Your Spells              Type           Power      Damage    Failure   Level
a - Foxfire               Conj/Fire      52%        2x1d6     4%          1
b - Scorch                Fire           26%        2d6       7%          2
c - Volatile Blastmotes   Fire/Tloc      26%        2d12      14%         3
d - Inner Flame           Hex/Fire       13%        N/A       14%         3
e - Flame Wave            Conj/Fire      13%        2d6       43%         4
f - Summon Small Mammal   Summ           52%        N/A       4%          1
Your spell library was empty.

Dungeon Overview and Level Annotations

Branches:
Dungeon (1/15) Zot: 11496

Altars:


Innate Abilities, Weirdness & Mutations

You are immune to sickness and miasma.
You are immune to poison.
Your flesh is very heat resistant. (rF++)
You are vulnerable to cold. (rC-)
You float through the air rather than walking.
You learn spells naturally, not from books.
Your magical power is your life essence.
You have superior vitality. (+4 MHP)


Message History

Confirm with . or Enter, or press ? or * to list all spells.
You miscast Scorch.
Nothing appears to happen.
The orc shouts!
Jessica barely misses you.
Casting: Scorch (safe; 9% risk of failure)
Confirm with . or Enter, or press ? or * to list all spells.
Flames lash the orc.
You kill the orc!
Jessica hits you with a +0 club.
You hit Jessica but do no damage.
An orc priest comes into view. It is wielding a +0 mace.
Jessica points at you and mumbles some strange words.
You feel yourself slow down.
You hit Jessica.
Jessica is poisoned.
Jessica is heavily wounded.
Jessica hits you with a +0 club.
An endoplasm comes into view.
You barely miss Jessica.
Jessica is severely wounded.
You kill Jessica!
The orc priest calls down the wrath of Beogh upon you.
Pain shoots through your body!
An orc wizard comes into view.
It is wielding a +2 dagger of holy wrath.
The orc closely misses you.
The orc wizard moves out of view.
Your Dodging skill increases to level 3!
You have reached level 4!
You feel clever. The orc attacks as you move away!
The orc hits you but does no damage.
Casting: Scorch (safe; 7% risk of failure)
Confirm with . or Enter, or press ? or * to list all spells.
Flames lash the orc priest.
The orc priest is heavily wounded.
The orc priest's fire resistance burns away.
The orc priest hits you with a +0 mace. x2
* * * LOW HITPOINT WARNING * * *
You hit the orc priest.
The orc priest is heavily wounded.
The orc priest calls down the wrath of Beogh upon you.
Pain shoots through your body!
You die...

#+# #.# #.# #.#
#.# #.# #.# #.#
#@# #o#
..J.).oo)...$..
.######.#######
..# ###


You could see an orc priest (combustible) and 2 orcs.

Vanquished Creatures
  Jessica (D:2)
  An orc (D:2)
  3 ball pythons (D:1)
  2 bats (D:1)
  An endoplasm (D:1)
  A giant cockroach (D:1)
  5 hobgoblins
  3 kobolds (D:1)
  A frilled lizard (D:1)
  2 goblins (D:1)
  2 rats (D:1)
22 creatures vanquished.

Vanquished Creatures (collateral kills)
  A foxfire (D:1)
1 creature vanquished.

Vanquished Creatures (others)
  56 foxfires (D:1)
  A plant (D:1)
57 creatures vanquished.

Grand Total: 80 creatures vanquished

Notes
Turn   | Place    | Note
-------+----------+-------------------------------------------
     0 | D:1      | Arcadio the Djinni Fire Elementalist began the quest for
                  | the Orb.
     0 | D:1      | Arcadio set off with the following spells memorised:
                  | Foxfire, Scorch, Volatile Blastmotes, Inner Flame, Flame
                  | Wave.
     0 | D:1      | Reached XP level 1. HP: 15/15 MP: 0/0
   179 | D:1      | Reached XP level 2. HP: 19/22 MP: 0/0
   290 | D:1      | Reached skill level 1 in Fighting
   439 | D:1      | Reached XP level 3. HP: 24/27 MP: 0/0
   439 | D:1      | Learned a level 1 spell: Summon Small Mammal
   485 | D:1      | You are sucked into a shaft and drop 1 floor!
   486 | D:2      | Noticed Jessica
   497 | D:2      | Killed Jessica
   498 | D:2      | Reached skill level 3 in Dodging
   498 | D:2      | Reached XP level 4. HP: 12/32 MP: 0/0
   500 | D:2      | Killed from afar by an orc priest

Illustrated notes

Levels and vault maps discovered:
D:1:      minmay_arrival_shattered_statue, layout_rooms,
          dilly_ecumenical_altar_fadedgnrine, serial_bayou,
          serial_bayou_crossing, serial_bayou_lake_a, serial_bayou_lagoon_a,
          serial_bayou_pond_e
D:2:      cheibrodos_old_hovel, layout_basic, uniq_sigmund, uniq_jessica

Skill      XL: |  1  2  3 |
---------------+----------+-----
Fighting       | 1 |  1.6
Dodging        | 3 |  3.1
Stealth        | |  1.5
Spellcasting   | |  2.9

Action                     |  1- 3 |  4- 6 || total
---------------------------+-------+-------++-------
  Melee: Spear             |     6 |     1 ||     7
   Cast: Foxfire           |    34 |       ||    34
         Scorch            |     2 |     1 ||     3
 Armour: Robe              |     1 |     1 ||     2
  Dodge: Dodged            |     8 |       ||     8
